 Dungeon Sprint DCSS version 0.21-a0-113-g6841d05 (webtiles) character file.

1739 Kidiri the Thaumaturge (level 8, -2/49 HPs)
             Began as a Deep Elf Fire Elementalist on July 12, 2017.
             Was a High Priest of Vehumet.
             Killed from afar by a smoke demon (23 damage)
             ... with a ball of steam
             ... in the Dungeon (Sprint VII: "The Pits").
             The game lasted 00:08:04 (1163 turns).

Kidiri the Thaumaturge (Deep Elf Fire Elementalist) Turns: 1163, Time: 00:08:05

Health: -2/49      AC:  7    Str:  5    XL:     8   Next: 77%
Magic:  13/26      EV: 16    Int: 26    God:    Vehumet [*****.]
Gold:   0          SH:  0    Dex: 15    Spells: 0/31 levels left

rFire    . . .     SeeInvis +   w - +1 broad axe "Ytanek" {freeze, rElec SInv}
rCold    . . .     Gourm    .   (no shield)
rNeg     . . .     Faith    .   r - +0 leather armour
rPois    .         Spirit   .   x - +0 helmet
rElec    +         Reflect  .   (no cloak)
rCorr    .         Harm     .   (no gloves)
MR       .....     NoTele   +   (no boots)
Stlth    ++........             (no amulet)
HPRegen  0.16/turn              q - +3 ring of protection
MPRegen  0.20/turn              t - +3 ring of intelligence

@: no status effects
A: hooves 1, subdued magic 1
a: Renounce Religion


You were in the Dungeon.
You worshipped Vehumet.
Vehumet was extremely pleased with you.
You were not hungry.

You visited 1 branch

Inventory:

Hand Weapons
 w - the +1 broad axe "Ytanek" (weapon) {freeze, rElec SInv}
   (You found it in the Dungeon)

   It has been specially enchanted to freeze those struck by it, causing extra
   injury to most foes and up to half again as much damage against particularly
   susceptible opponents.
   It can also slow down cold-blooded creatures.
   It insulates you from electricity.
   It lets you see invisible.
Armour
 r - a +0 leather armour (worn)
 x - a +0 helmet (worn)
Jewellery
 q - a +3 ring of protection (left hand)
 t - a +3 ring of intelligence (right hand)
Scrolls
 i - a scroll of blinking
 k - 3 scrolls of remove curse
 l - 5 scrolls of amnesia
 m - a scroll of summoning
Potions
 b - 7 potions of curing
 e - 8 potions of heal wounds
 f - a potion of haste
 g - 4 potions of magic
 h - 6 potions of berserk rage
 j - 2 potions of invisibility
 u - a potion of resistance
Comestibles
 c - 8 bread rations
 n - 40 fruits
 o - 7 meat rations


   Skills:
 + Level 5.3 Fighting
   Level 6.0 Short Blades
 + Level 5.4 Armour
 + Level 8.3 Dodging
 - Level 2.4 Stealth
 * Level 12.4 Spellcasting
 + Level 7.3 Conjurations
 + Level 7.9 Fire Magic
 + Level 4.0 Ice Magic
 + Level 3.4 Air Magic
 + Level 2.0 Earth Magic
 + Level 3.7 Poison Magic


You couldn't memorise any spells.
You knew the following spells:

 Your Spells              Type           Power        Failure   Level  Hunger
a - Flame Tongue          Conj/Fire      #####        1%          1    None
b - Throw Flame           Conj/Fire      #####.       1%          2    None
c - Conjure Flame         Conj/Fire      #####...     1%          3    None
d - Inner Flame           Hex/Fire       ####....     1%          3    None
e - Ignite Poison         Fire/Tmut/Pois ####....     1%          3    None
f - Sticky Flame          Conj/Fire      #####...     1%          4    None
g - Fireball              Conj/Fire      #####.....   1%          5    ###....
h - Freeze                Ice            ####         1%          1    None
i - Mephitic Cloud        Conj/Pois/Air  ####....     1%          3    None
j - Iron Shot             Conj/Erth      ####......   28%         6    #####..


Dungeon Overview and Level Annotations

Branches:
Dungeon (1/1)

Altars:
Ashenzari
Cheibriados
Dithmenos
Elyvilon
Fedhas
Gozag
Hepliaklqana
Kikubaaqudgha
Makhleb
Nemelex Xobeh
Okawaru
Qazlal
Ru
Sif Muna
Trog
Uskayaw
Vehumet
Wu Jian
Xom
Yredelemnul
Zin
The Shining One
Beogh
Jiyva
Lugonu


Innate Abilities, Weirdness & Mutations

You have large cloven feet.
Your spells are a little easier to cast, but a little less powerful.


Message History

Vehumet accepts your kill.
You feel your power returning.
Your Earth Magic skill increases to level 2!
The smoke demon misses you. The smoke demon hits you.
The smoke demon hits you but does no damage.
Casting: Sticky Flame
Confirm with . or Enter, or press ? or * to list all spells.
You can't see any susceptible monsters within range! (Use Z to cast anyway.)
Casting: Sticky Flame
Confirm with . or Enter, or press ? or * to list all spells.
Aiming: Sticky Flame
Press: ? - help, Shift-Dir - straight line, f - smoke demon
Aim: a smoke demon (lightly wounded)
The sticky flame hits the smoke demon.
The smoke demon resists.
The smoke demon is lightly wounded.
The smoke demon hits you. x2; The smoke demon closely misses you.
Unknown command.
The smoke demon gestures at you. The ball of steam hits you!
You die...

############ #_________.#
#_________.#
#_______...###########++#####
##########+##................
#.?(.+)))+.##......#..#......
##########.##................
#...........@§3..............
#+#####+#####......#..#......
#.#..#...+.##................
#.#..#...#.#####+#####''#####
#(#..#####.##.......##''#
#.#..+...#)##.......##....#
#.#..+.:÷+.##.......##...##
#.#..########...<...##..##
#.#..+[))).##.......##..#


You could see a smoke demon.

Vanquished Creatures
  A deep troll (D)
  An orange demon (D)
  A guardian mummy (D)
  A flying skull (D)
  2 floating eyes (D)
  A sky beast (D)
  2 big kobolds (D)
  A scorpion (D)
  A hound (D)
  An orc priest (D)
  Ijyb (D)
  An iguana (D)
  2 orc wizards (D)
  2 ufetubi (D)
  An ooze (D)
  2 leopard geckos (D)
  4 orcs (D)
  A bat (D)
  A hobgoblin (D)
  2 kobolds (D)
  A quokka (D)
  A frilled lizard (D)
31 creatures vanquished.

Notes
Turn   | Place    | Note
-------+----------+-------------------------------------------
     0 | D        | Kidiri the Deep Elf Fire Elementalist began the quest for the Orb.
     0 | D        | Reached XP level 1. HP: 10/10 MP: 6/6
    51 | D        | Found a bloodstained altar of Trog.
    51 | D        | Found a deep blue altar of Sif Muna.
    51 | D        | Found a viscous altar of Jiyva.
    51 | D        | Found a hazy altar of Hepliaklqana.
    51 | D        | Found an opulent altar of Gozag.
    52 | D        | Found a glowing golden altar of the Shining One.
    52 | D        | Found a glowing silver altar of Zin.
    52 | D        | Found a basalt altar of Yredelemnul.
    52 | D        | Found a shimmering altar of Xom.
    52 | D        | Found an ornate altar of the Wu Jian Council.
    52 | D        | Found a sacrificial altar of Ru.
    52 | D        | Found a stormy altar of Qazlal.
    52 | D        | Found an iron altar of Okawaru.
    52 | D        | Found a sparkling altar of Nemelex Xobeh.
    52 | D        | Found a burning altar of Makhleb.
    52 | D        | Found a blossoming altar of Fedhas.
    52 | D        | Found a white marble altar of Elyvilon.
    52 | D        | Found a shadowy altar of Dithmenos.
    52 | D        | Found a snail-covered altar of Cheibriados.
    54 | D        | Found a radiant altar of Vehumet.
    54 | D        | Found a corrupted altar of Lugonu.
    54 | D        | Found a roughly hewn altar of Beogh.
    55 | D        | Found a hide-covered altar of Uskayaw.
    55 | D        | Found an ancient bone altar of Kikubaaqudgha.
    55 | D        | Found a shattered altar of Ashenzari.
    62 | D        | Became a worshipper of Vehumet
    82 | D        | Reached skill level 4 in Spellcasting
    83 | D        | Noticed a floating eye
    87 | D        | Killed a floating eye
    87 | D        | Reached skill level 6 in Spellcasting
    87 | D        | Reached XP level 2. HP: 18/18 MP: 1/11
    87 | D        | Reached XP level 3. HP: 22/22 MP: 1/13
    87 | D        | Reached XP level 4. HP: 27/27 MP: 1/14
   179 | D        | Learned a level 2 spell: Throw Flame
   183 | D        | Learned a level 3 spell: Conjure Flame
   187 | D        | Learned a level 3 spell: Inner Flame
   192 | D        | Learned a level 4 spell: Sticky Flame
   200 | D        | Reached * piety under Vehumet
   200 | D        | Offered knowledge of Sandblast by Vehumet.
   216 | D        | Noticed a floating eye
   221 | D        | Reached skill level 7 in Spellcasting
   223 | D        | Paralysed by a floating eye for 3 turns
   225 | D        | Killed a floating eye
   225 | D        | Reached ** piety under Vehumet
   225 | D        | Reached skill level 5 in Dodging
   225 | D        | Reached skill level 8 in Spellcasting
   225 | D        | Reached skill level 5 in Fire Magic
   225 | D        | Reached XP level 5. HP: 32/32 MP: 9/18
   253 | D        | Reached skill level 9 in Spellcasting
   253 | D        | Reached XP level 6. HP: 28/37 MP: 1/20
   260 | D        | Reached *** piety under Vehumet
   391 | D        | Learned a level 5 spell: Fireball
   424 | D        | Noticed a flying skull
   430 | D        | Killed a flying skull
   430 | D        | Offered knowledge of Freeze by Vehumet.
   430 | D        | Reached skill level 10 in Spellcasting
   430 | D        | Reached skill level 5 in Conjurations
   437 | D        | Reached **** piety under Vehumet
   437 | D        | Reached skill level 5 in Short Blades
   437 | D        | Reached XP level 7. HP: 36/43 MP: 12/23
   440 | D        | Learned a level 1 spell: Freeze
   457 | D        | Offered knowledge of Ignite Poison by Vehumet.
   469 | D        | Reached skill level 1 in Ice Magic
   474 | D        | Learned a level 3 spell: Ignite Poison
   532 | D        | Offered knowledge of Mephitic Cloud by Vehumet.
   532 | D        | Reached ***** piety under Vehumet
   538 | D        | Learned a level 3 spell: Mephitic Cloud
   538 | D        | Noticed an orange demon
   547 | D        | Killed an orange demon
   547 | D        | Offered knowledge of Static Discharge by Vehumet.
   547 | D        | Reached skill level 11 in Spellcasting
   547 | D        | Reached skill level 1 in Air Magic
   746 | D        | Noticed Ijyb
   749 | D        | Offered knowledge of Iron Shot by Vehumet.
   752 | D        | Reached XP level 8. HP: 41/48 MP: 14/25
   756 | D        | Killed Ijyb
   802 | D        | Gained mutation: You have large cloven feet. [mutagenic meat]
   803 | D        | Gained mutation: Your spells are a little easier to cast, but a little less powerful. [mutagenic meat]
   831 | D        | Noticed a guardian mummy
   845 | D        | Killed a guardian mummy
   845 | D        | Reached skill level 5 in Fighting
   845 | D        | Reached skill level 5 in Armour
   845 | D        | Reached skill level 12 in Spellcasting
   884 | D        | Got the +1 broad axe "Ytanek" {freeze, rElec SInv}
  1135 | D        | Learned a level 6 spell: Iron Shot
  1137 | D        | Noticed a deep troll
  1138 | D        | Noticed a smoke demon
  1156 | D        | Killed a deep troll
  1156 | D        | Reached skill level 1 in Earth Magic
  1163 | D        | Killed from afar by a smoke demon

Vault maps used:
D:        pitsprint

Skill      XL: |  1  2  3  4  5  6  7  8 |
---------------+-------------------------+-----
Spellcasting   | 6 8 9 10 11 12 | 12.4
Fighting       | 2 3 4 5 |  5.3
Short Blades   | 2 3 5 6 |  6.0
Armour         | 2 3 4 5 |  5.4
Dodging        | 4 5 6 7 8 |  8.3
Conjurations   | 3 4 5 6 7 |  7.3
Fire Magic     | 4 5 6 7 |  7.9
Ice Magic      | 2 4 |  4.0
Air Magic      | 2 3 |  3.4
Poison Magic   | 2 3 |  3.7
Earth Magic    | 2 |  2.0
Stealth        | |  2.4

Action                   |  1- 3 |  4- 6 |  7- 9 || total
-------------------------+-------+-------+-------++-------
Melee: Dagger            |       |     7 |     3 ||    10
       Broad axe         |       |       |     1 ||     1
 Cast: Flame Tongue      |     6 |    13 |     9 ||    28
       Conjure Flame     |       |     2 |     3 ||     5
       Sticky Flame      |       |     2 |     8 ||    10
       Inner Flame       |       |     1 |       ||     1
       Ignite Poison     |       |       |     5 ||     5
       Mephitic Cloud    |       |       |     4 ||     4
       Fireball          |       |       |     2 ||     2
       Freeze            |       |       |     2 ||     2
  Use: Potion            |       |     2 |     2 ||     4
 Stab: Sleeping          |       |       |     1 ||     1
  Eat: Chunk             |       |       |     3 ||     3
Armor: Robe              |     1 |     2 |     1 ||     4
       Leather armour    |       |       |     7 ||     7
Dodge: Dodged            |     1 |    20 |    26 ||    47
